Map: Nightscape LE

Players

laucexonnod

  • Race: Protoss Protoss
  • League: Silver
  • Spawn Location: 1:00

Tolstoyevsky

  • Race: Terran Terran
  • League: Silver
  • Spawn Location: 1:00

ICLVDVS - Winner!

  • Race: Terran Terran
  • Spawn Location: 7:00

Zharun - Winner!

  • Race: Zerg Zerg
  • League: Gold
  • Spawn Location: 7:00

VOD

Have the link to the VOD?

Description

Time

  • Played on: June 13, 2022, 2:54 p.m.
  • Length: 6:06
Show
View Real Time Build Order
Export as new Build Order

laucexonnod Protoss 

Build Orders: Oracle Opening 

Get SALT Encoding   

  12  0:01  Probe  
  13  0:14  Pylon  
  13  0:18  Probe  
  14  0:34  Gateway  
  14  0:36  Probe (Chrono Boost)  
  15  0:46  Probe (Chrono Boost)  
  15  0:49  Assimilator  
  16  0:51  Probe (Chrono Boost)  
  17  1:02  Probe (Chrono Boost)  
  19  1:12  Probe (Chrono Boost)  
  19  1:17  Probe (Chrono Boost)  
  19  1:22  Assimilator  
  20  1:26  Cybernetics Core, Zealot  
  20  1:30  Pylon  
  22  1:33  Probe  
  23  1:48  Probe  
  23  1:53  Zealot  
  26  2:01  Probe  
  27  2:07  Stargate  
  27  2:13  Probe  
  28  2:24  Zealot  
  28  2:25  Probe  
  31  2:36  Nexus  
  31  3:00  Pylon  
  31  3:04  Assimilator  
  31  3:16  Oracle (Chrono Boost)  
  31  3:18  Probe  
  35  3:31  Probe  
  36  3:34  Stalker  
  38  3:43  Probe (Chrono Boost)  
  38  3:45  Assimilator  
  39  3:54  Probe (Chrono Boost)  
  40  4:00  Probe (Chrono Boost)  
  41  4:05  Probe  
  41  4:09  Probe  
  47  4:14  Void Ray  
  47  4:17  Probe  
  38  5:14  Zealot  
Show
View Real Time Build Order
Export as new Build Order

Tolstoyevsky Terran 

Build Orders:  

Get SALT Encoding   

  12  0:00  SCV  
  13  0:16  Supply Depot  
  13  0:17  SCV  
  14  0:29  SCV  
  15  0:41  Barracks, SCV  
  16  0:49  Refinery  
  16  0:53  SCV  
  17  1:06  SCV  
  18  1:19  SCV  
  19  1:35  Command Center  
  19  1:47  Orbital Command  
  19  1:49  Marine  
  20  2:01  Barracks  
  20  2:07  Marine  
  21  2:14  Factory  
  21  2:22  SCV  
  22  2:26  Refinery  
  22  2:34  SCV  
  23  2:52  Barracks Reactor, Barracks Tech Lab  
  23  3:00  Starport  
  23  3:12  Orbital Command  
  23  3:17  SCV  
  24  3:25  Stimpack  
  24  3:26  Marine  
  25  3:29  SCV  
  25  3:30  Marine x2  
  28  3:39  Barracks  
  28  3:41  Starport Reactor  
  28  3:43  Factory Reactor  
  28  3:49  Marine x3  
  31  3:59  SCV  
  32  4:04  SCV  
  33  4:16  Engineering Bay, SCV  
  34  4:18  Engineering Bay  
  34  4:31  SCV x2  
  36  4:41  Medivac  
  36  4:45  SCV x2  
  38  4:48  Medivac  
  38  4:51  Marine  
  38  4:52  Marine x2  
  29  5:09  Marine  
  29  5:10  Marine x2  
  32  5:27  Marine  
  32  5:32  Medivac  
  32  5:33  Medivac  
  33  5:38  Barracks Reactor  
Show
View Real Time Build Order
Export as new Build Order

ICLVDVS Terran - Winner!

Build Orders:  

Get SALT Encoding   

  12  0:14  Supply Depot  
  12  0:26  Supply Depot  
  12  0:34  SCV  
  13  0:46  Barracks, SCV  
  14  0:56  Supply Depot  
  14  1:00  SCV  
  15  1:13  SCV  
  16  1:25  Supply Depot, SCV  
  17  1:32  Marine  
  17  1:37  SCV  
  17  1:38  Supply Depot  
  19  1:48  Refinery  
  19  1:49  SCV  
  20  1:59  Refinery  
  21  2:01  SCV  
  21  2:11  Marine  
  22  2:29  Marine  
  23  2:32  Orbital Command  
  23  2:54  Command Center  
  23  3:09  SCV  
  23  3:11  Barracks Reactor  
  24  3:22  SCV  
  24  3:24  Factory  
  25  3:34  SCV  
  26  3:46  SCV  
  27  3:58  SCV  
  27  3:59  Refinery  
  28  4:10  Refinery, SCV  
  28  4:13  Marine x2  
  31  4:22  SCV  
  32  4:31  Marine x2  
  34  4:41  Factory Reactor  
  34  4:44  Engineering Bay  
  34  4:49  Marine x2  
  36  4:53  SCV, Factory  
  36  4:57  SCV  
  38  5:05  SCV  
  39  5:07  Marine x2  
  39  5:09  SCV  
  42  5:18  SCV  
  43  5:21  SCV  
  44  5:30  SCV  
  44  5:32  Missile Turret  
  44  5:33  SCV  
  46  5:38  Factory Tech Lab  
  46  5:42  SCV  
  47  5:44  Missile Turret  
  47  5:46  SCV  
  48  5:55  Armory  
Show
View Real Time Build Order
Export as new Build Order

Zharun Zerg - Winner!

Build Orders: Hatch First 

Get SALT Encoding   

  12  0:00  Drone  
  13  0:08  Drone  
  14  0:16  Overlord  
  14  0:34  Drone  
  14  0:35  Drone  
  16  0:53  Hatchery  
  15  1:01  Drone  
  15  1:02  Drone  
  17  1:04  Drone  
  18  1:15  Spawning Pool  
  18  1:16  Extractor  
  16  1:18  Drone  
  17  1:41  Drone x2  
  19  1:56  Overlord  
  19  2:03  Queen  
  19  2:05  Queen, Zergling x2  
  19  2:06  Drone  
  25  2:16  Metabolic Boost  
  25  2:31  Drone x2  
  25  2:33  Zergling x6  
  30  2:39  Drone  
  31  2:52  Zergling x4  
  33  3:01  Baneling Nest  
  31  3:09  Zergling x4  
  31  3:10  Zergling x4  
  35  3:16  Zergling x2  
  35  3:18  Overlord x2  
  36  3:25  Lair  
  36  3:39  Zergling x10  
  41  3:49  Baneling x3  
  41  3:50  Baneling  
  41  3:57  Zergling x4  
  41  3:58  Extractor, Zergling x12  
  48  4:18  Spore Crawler  
  48  4:20  Spore Crawler  
  48  4:21  Drone x2  
  46  4:34  Zergling x14  
  52  4:41  Drone  
  48  4:49  Zergling x4  
  48  4:50  Zergling x4  
  50  4:57  Zergling x2  
  51  5:13  Queen  
  49  5:16  Queen  
  49  5:23  Drone x2  
  49  5:24  Drone x2  
Tags
 
Add a new tag
Caveats
  • Supply blocks, unpowered buildings, or Contaminate may cause inaccurate times.
  • Supply counts are checked every 10 seconds.